 Dungeon Crawl Stone Soup version 0.27-a0-1456-gf5a116941d (webtiles) character file.

Game seed: 8166731681573769013

559915 wakim the Impregnable (level 25, 0/235 HPs)
             Began as a Minotaur Fighter on July 6, 2021.
             Was the Champion of Okawaru.
             Killed by divine providence
             ... invoked by a daeva
              (15 damage)
             ... on level 3 of the Abyss.
             The game lasted 03:17:48 (60646 turns).

wakim the Impregnable (Minotaur Fighter)           Turns: 60646, Time: 03:17:49

Health: 0/235      AC: 50    Str: 32    XL:     25   Next: 81%
Magic:  31/35      EV: 16    Int:  6    God:    Okawaru [******]
Gold:   2749       SH: 29    Dex: 16    Spells: 24/24 levels left

rFire    + + .     SeeInvis .   c - +6 morningstar of Uskayaw's Generosity {vamp, rN+}
rCold    + + +     Faith    .   A - +2 tower shield {rC+}
rNeg     + + +     Spirit   .   s - +11 crystal plate armour "Juoggyro" {rC+ rN+ rCorr}
rPois    .         Reflect  .   (helmet restricted)
rElec    .         Harm     .   m - scarf {rC+ rF+}
rCorr    +         Rampage  .   k - +2 pair of gloves {Str+3}
Will     ++...                  D - +2 pair of boots {Fly}
Stlth    ..........             h - amulet of Lalload {rN+ Regen+ Slay+3}
HPRegen  0.00/turn              K - ring of willpower
MPRegen  0.24/turn              v - ring of Recklessness {rF+ Dex+3 Slay+4}

@: heroic, finesse-ful, flying, diseased, hasted, glowing, studying 2 skills,
very quick
A: horns 2, retaliatory headbutt, mutation resistance 1, MP-powered wands
}: 2/15 runes: serpentine, barnacled
a: Renounce Religion, Heroism, Finesse


You were on level 3 of the Abyss.
You worshipped Okawaru.
Okawaru was exalted by your worship.
You visited 9 branches of the dungeon, and saw 44 of its levels.
You visited the Abyss 2 times.
You also visited: Gauntlet, Ice Cave and Wizlab.

You collected 6918 gold pieces.
You spent 4169 gold pieces at shops.

Inventory:

Hand Weapons
 a - the +10 morningstar "Eos" {elec, Halo rElec}
   (You acquired it on level 8 of the Dungeon)

   Occasionally, upon striking a foe, it can discharge electrical energy and
   cause terrible harm.
   rElec:     It insulates you from electricity.
 b - the +18 lance "Wyrmbane" {slay drac, rPois rF+ rC+ AC+3}
   (You took it off Margery on level 3 of the Depths)

   AC:        It affects your AC (+3).
   rF:        It protects you from fire.
   rC:        It protects you from cold.
   rPois:     It protects you from poison.
 c - the +6 morningstar of Uskayaw's Generosity (weapon) {vamp, rN+}
   (You took it off a deep elf zephyrmancer on level 3 of the Elven Halls)

   It inflicts no extra harm, but heals its wielder when it wounds a living foe.
   rN:        It protects you from negative energy.
Missiles
 d - 11 boomerangs of dispersal {=f!f}
 e - 72 javelins
 g - 41 atropa-tipped darts
 i - 3 throwing nets {=f!f}
 n - 50 silver javelins (quivered)
 o - 10 curare-tipped darts {=f}
 q - 111 boomerangs
Armour
 k - a +2 pair of gloves of strength (worn)
 m - a scarf of resistance (worn)
 s - the +11 crystal plate armour "Juoggyro" (worn) {rC+ rN+ rCorr}
   (You bought it in a shop on level 8 of the Dungeon)

   rC:        It protects you from cold.
   rN:        It protects you from negative energy.
   rCorr:     It protects you from acid and corrosion.
 A - a +2 tower shield of cold resistance (worn)
 D - a +2 pair of boots of flying (worn)
 Q - a +2 hat of see invisible
Jewellery
 f - a ring of protection from fire
 h - the amulet of Lalload (around neck) {rN+ Regen+ Slay+3}
   (You took it off a deep elf pyromancer on level 3 of the Elven Halls)

   [amulet of regeneration]

   Slay:      It affects your accuracy & damage with ranged weapons and melee
   (+3).
   rN:        It protects you from negative energy.
   Regen:     It increases your rate of health regeneration.
 j - an amulet of reflection
 p - the ring "Anoyr" {*Slow rC+++ MP+9 Dex+6}
   (You took it off a deep elf zephyrmancer on level 3 of the Elven Halls)

   [ring of magical power]

   Dex:       It affects your dexterity (+6).
   rC:        It renders you almost immune to cold.
   MP:        It affects your magic capacity (+9).
   *Slow:     It may slow you when you take damage.
 v - the ring of Recklessness (right hand) {rF+ Dex+3 Slay+4}
   (You found it on level 4 of the Depths)

   [ring of slaying]

   Dex:       It affects your dexterity (+3).
   Slay:      It affects your accuracy & damage with ranged weapons and melee
   (+4).
   rF:        It protects you from fire.
 x - a ring of positive energy
 K - a ring of willpower (left hand)
 L - the amulet of Reimbursement {rC+ Regen+ Str+4 Stlth+}
   (You found it in an ice cave)

   [amulet of regeneration]

   Str:       It affects your strength (+4).
   rC:        It protects you from cold.
   Regen:     It increases your rate of health regeneration.
   Stlth:     It makes you more stealthy.
Wands
 t - a wand of digging (6)
 u - a wand of mindburst (35)
 w - a wand of acid (34)
 y - a wand of paralysis (19)
Scrolls
 r - 2 scrolls of identify
 P - 2 scrolls of enchant armour
 R - 3 scrolls of magic mapping {!r}
 S - a scroll of summoning
 T - 21 scrolls of teleportation
 U - 12 scrolls of fear
 W - 2 scrolls of holy word
 X - 4 scrolls of fog
 Y - 6 scrolls of blinking {!r}
 Z - a scroll of silence {!r}
Potions
 B - 5 potions of attraction {!q}
 C - 8 potions of berserk rage {!q}
 E - 5 potions of cancellation
 F - 14 potions of curing
 H - 5 potions of haste
 J - 6 potions of heal wounds
 N - 8 potions of might
 O - 5 potions of resistance


   Skills:
 + Level 21.3(26.3) Fighting
 - Level 4.3(9.3) Long Blades
 - Level 18.0(23.0) Maces & Flails
 + Level 15.4(20.4) Polearms
 - Level 16.0(21.0) Throwing
 - Level 22.0(27) Armour
 + Level 13.4(18.4) Dodging
 - Level 20.0(25.0) Shields
 * Level 19.2 Invocations
 - Level 12.0 Evocations


You had 24 spell levels left.
You didn't know any spells.
Your spell library contained the following spells:

 Spells                   Type           Power      Damage    Failure   Level
 Animate Skeleton         Necr           0%         N/A       93%         1
 Apportation              Tloc           0%         N/A       93%         1
 Beastly Appendage        Tmut           0%         N/A       93%         1
 Corona                   Hex            0%         N/A       93%         1
 Freeze                   Ice            0%         1d3       93%         1
 Pain                     Necr           0%         1d4       93%         1
 Shock                    Conj/Air       0%         1d3       93%         1
 Sting                    Tmut/Pois      0%         1d3       93%         1
 Summon Small Mammal      Summ           0%         N/A       93%         1
 Blink                    Tloc           N/A        N/A       98%         2
 Corpse Rot               Necr/Air       N/A        N/A       98%         2
 Poisonous Vapours        Pois/Air       0%         N/A       98%         2
 Slow                     Hex            0%         N/A       98%         2
 Static Discharge         Conj/Air       0%         N/A       98%         2
 Sublimation of Blood     Necr           0%         N/A       98%         2
 Wereblood                Tmut           0%         N/A       98%         2
 Call Canine Familiar     Summ           0%         N/A       100%        3
 Confusing Touch          Hex            0%         N/A       100%        3
 Dazzling Flash           Conj/Hex       0%         N/A       100%        3
 Frozen Ramparts          Ice            0%         1d2       100%        3
 Inner Flame              Hex/Fire       0%         N/A       100%        3
 Lesser Beckoning         Tloc           0%         N/A       100%        3
 Mephitic Cloud           Conj/Pois/Air  0%         N/A       100%        3
 Ozocubu's Armour         Ice            0%         N/A       100%        3
 Portal Projectile        Hex/Tloc       0%         N/A       100%        3
 Spider Form              Tmut/Pois      0%         N/A       100%        3
 Stone Arrow              Conj/Erth      0%         3d7       100%        3
 Swiftness                Air            0%         N/A       100%        3
 Vampiric Draining        Necr           0%         2d6       100%        3
 Airstrike                Air            0%         N/A       100%        4
 Animate Armour           Summ/Erth      0%         N/A       100%        4
 Animate Dead             Necr           0%         N/A       100%        4
 Cause Fear               Hex            0%         N/A       100%        4
 Hailstorm                Conj/Ice       0%         3d3       100%        4
 Ice Form                 Ice/Tmut       0%         N/A       100%        4
 Iskenderun's Mystic Bla  Conj/Tloc      0%         2d3       100%        4
 Leda's Liquefaction      Hex/Erth       0%         N/A       100%        4
 Olgreb's Toxic Radiance  Pois           0%         N/A       100%        4
 Petrify                  Tmut/Erth      0%         N/A       100%        4
 Summon Ice Beast         Ice/Summ       0%         N/A       100%        4
 Summon Lightning Spire   Summ/Air       0%         N/A       100%        4
 Agony                    Necr           0%         N/A       100%        5
 Alistair's Intoxication  Tmut/Pois      0%         N/A       100%        5
 Blade Hands              Tmut           0%         N/A       100%        5
 Bolt of Magma            Conj/Fire/Erth 0%         4d4       100%        5
 Borgnjor's Vile Clutch   Necr/Erth      0%         N/A       100%        5
 Excruciating Wounds      Necr           0%         N/A       100%        5
 Freezing Cloud           Conj/Ice/Air   0%         6-21      100%        5
 Irradiate                Conj/Tmut      0%         3d14      100%        5
 Lightning Bolt           Conj/Air       0%         1d11      100%        5
 Manifold Assault         Tloc           0%         N/A       100%        5
 Metabolic Englaciation   Hex/Ice        0%         N/A       100%        5
 Silence                  Hex/Air        0%         N/A       100%        5
 Summon Forest            Summ/Tloc      0%         N/A       100%        5
 Conjure Ball Lightning   Conj/Air       0%         3x3d6     100%        6
 Death Channel            Necr           0%         N/A       100%        6
 Eringya's Noxious Bog    Tmut/Pois      0%         N/A       100%        6
 Invisibility             Hex            0%         N/A       100%        6
 Simulacrum               Ice/Necr       0%         N/A       100%        6
 Starburst                Conj/Fire      0%         8x6d3     100%        6
 Statue Form              Tmut/Erth      0%         N/A       100%        6
 Dragon Form              Tmut           0%         N/A       100%        7
 Haunt                    Necr/Summ      0%         N/A       100%        7
 Ozocubu's Refrigeration  Ice            0%         4d5       100%        7
 Storm Form               Tmut/Air       0%         N/A       100%        7
 Summon Hydra             Summ           0%         N/A       100%        7
 Discord                  Hex            0%         N/A       100%        8
 Disjunction              Tloc           0%         N/A       100%        8
 Ignition                 Fire           0%         3d3       100%        8
 Infestation              Necr           0%         N/A       100%        8
 Lehudib's Crystal Spear  Conj/Erth      0%         10d2      100%        8
 Maxwell's Capacitive Co  Air            0%         ∞         100%        8
 Dragon's Call            Summ           0%         N/A       100%        9
 Shatter                  Erth           0%         3d5*      100%        9


Dungeon Overview and Level Annotations

Branches:
Dungeon (15/15)            Temple (1/1) D:4            Lair (6/6) D:9
 Shoals (4/4) Lair:2        Snake (4/4) Lair:3        Slime (0/5) Lair:6
    Orc (2/2) D:11            Elf (3/3) Orc:2        Vaults (4/5) D:14
  Crypt (0/3) Vaults:2     Depths (5/5) D:15            Zot (0/5) Depths:5
  IceCv (visited)          WizLab (visited)         Gauntlet (visited)

Altars:
Ashenzari
Cheibriados
Dithmenos
Elyvilon
Fedhas
Gozag
Hepliaklqana
Kikubaaqudgha
Makhleb
Nemelex Xobeh
Okawaru
Qazlal
Ru
Sif Muna
Trog
Uskayaw
Vehumet
Wu Jian
Xom
Yredelemnul
Zin
The Shining One
Jiyva
Lugonu

Shops:
D:8 [   D:10 *   D:15 !   Orc:1 =   Orc:2 :*[(   Elf:3 [   Shoals:3 [
Snake:4 *   Vaults:3 (   Depths:1 (*   Depths:2 ((?

Portals:
Hell: Depths:1 Depths:2 Depths:3 Depths:4 Depths:5
Abyss: Lair:3 Depths:3 Depths:4
Pandemonium: Depths:3 Depths:4
Ziggurat: Depths:5

Annotations:
Abyss:3 2 transporters


Innate Abilities, Weirdness & Mutations

You have a pair of horns on your head.
You reflexively headbutt those who attack you in melee.
You are somewhat resistant to further mutation.
You expend magic power (3 MP) to strengthen your wands.


Message History

The daeva blocks your attack.
The daeva is moderately wounded.
You block the small abomination's attack.
You block the daeva's attack. The daeva misses you.
You hit the daeva but do no damage. The daeva blocks your attack.
The daeva is moderately wounded.
You puncture the daeva!
The daeva is heavily wounded.
The daeva blocks your attack.
The daeva is heavily wounded.
You block the small abomination's attack.
The daeva hits you but does no damage. The daeva barely misses you.
You thump the daeva!
The daeva is heavily wounded.
The daeva blocks your attack.
Your headbutt misses the daeva.
The daeva is heavily wounded.
The daeva blocks your attack. x2
The daeva is heavily wounded.
The small abomination completely misses you.
You furiously retaliate!
You headbutt the small abomination!
The daeva calls down the wrath of the Shining One upon you.
The Shining One smites you!
* * * LOW HITPOINT WARNING * * *
You puncture the daeva! Your headbutt misses the daeva.
The daeva is severely wounded.
You completely miss the daeva. The daeva blocks your attack.
The daeva is severely wounded.
You sock the daeva! You headbutt the daeva!
The daeva is almost dead.
You block the daeva's attack. The daeva hits you but does no damage.
You block the small abomination's attack.
You closely miss the daeva. The daeva blocks your attack.
The daeva is almost dead.
The daeva blocks your attack.
The daeva is almost dead.
The daeva blocks your attack. x2
The daeva is almost dead.
The daeva calls down the wrath of the Shining One upon you.
The Shining One smites you!
You die...

. . . . #.
# # . # #.#
. . ..... .
# . ..## #
#.#.#####
..
#JA##†.†# .
..
.#@...#..##
..
#.x...#.# #
.
.#.....#§#
# ....
.####..# .#
.. ... #
.#†./#
...## ##.#.
.# . # . #
# # . ..# .
# . ## .. .
.


You could see a daeva, a small abomination and a jelly.

Vanquished Creatures
  Mara (Vaults:3)
  An ancient lich (WizLab)
  2 juggernauts (Depths:4)
  Margery (Depths:3)
  A shard shrike (IceCv)
  Saint Roka (Vaults:2)
  Xtahua (Depths:4)
  A caustic shrike (Depths:1)
  5 golden dragons
  5 bone dragons
  A Tzitzimitl (Depths:3)
  A tentacled monstrosity (Abyss:1)
  4 liches
  2 deep elf blademasters (Elf:3)
  2 deep elf master archers (Elf:3)
  7 sphinxes
  3 titans
  2 ancient champions
  Gastronok (Lair:3)
  2 shadow dragons
  13 tentacled starspawn
  3 storm dragons
  Donald (Elf:2)
  A tengu reaver (Depths:2)
  Agnes (Elf:2)
  A revenant (Abyss:3)
  6 fire giants
  6 frost giants
  An iron dragon (Depths:4)
  6 nagarajas
  7 deep elf sorcerers
  4 orc warlords
  3 balrugs (Abyss:1)
  Louise (Depths:3)
  3 cacodemons
  9 vault wardens
  2 draconian shifters (Depths:5)
  3 deep elf elementalists
  24 very ugly things
  The ghost of Dex Urea the Fighter, a journeyman DsBe of Trog (Depths:3)
  12 stone giants
  11 ironbound preservers
  The ghost of sn0wgr3 the Blocker, a journeyman GrFi of Okawaru (Orc:2)
  A war gargoyle (Vaults:4)
  3 reapers
  2 spriggan defenders (Depths:5)
  5 deep elf demonologists
  2 vampire knights (Depths:5)
  An ophan (Abyss:1)
  3 green draconians (Depths:5)
  A minotaur (Gauntlet)
  A purple draconian (Depths:5)
  8 deep elf annihilators
  3 lorocyprocas
  2 white draconians
  4 dire elephants
  3 spark wasps
  5 entropy weavers
  6 deep elf death magi (Elf:3)
  2 green deaths
  2 eidola
  14 ettins
  3 crystal guardians
  11 merfolk impalers
  Snorg (Lair:3)
  7 fire dragons
  3 merfolk javelineers (Shoals:4)
  Josephine (Shoals:1)
  4 yaktaur captains
  2 great orbs of eyes
  2 deep elf high priests (Elf:3)
  The ghost of hark the Blocker, a journeyman MiFi of Okawaru (D:12)
  8 naga warriors
  3 peacekeepers
  7 ironbound thunderhulks
  A quicksilver dragon skeleton (Abyss:1)
  12 vault guards
  13 ironbound frosthearts
  4 boulder beetles
  15 centaur warriors
  2 merfolk avatars
  The ghost of Cimewiq the Thaumaturge, a journeyman DECj of Kikubaaqudgha (Lair:3)
  8 hydras
  5 rakshasas
  11 ice dragons
  6 spriggan air magi
  14 anacondas
  An ogre mage (D:15)
  2 salamander tyrants (Snake:4)
  An alligator snapping turtle (Shoals:4)
  8 merfolk aquamancers
  A death yak (Lair:3)
  3 ironbound beastmasters
  6 two-headed ogres
  10 deep troll earth magi
  8 deep troll shamans
  4 spriggan berserkers
  5 tengu warriors
  7 thrashing horrors
  A satyr (Shoals:4)
  27 dancing weapons
  4 vampire magi
  7 hell knights
  13 naga sharpshooters
  6 orc high priests
  13 shock serpents
  Sonja (Lair:2)
  19 deep elf knights
  5 sun demons
  9 sixfirhies
  11 skeletal warriors
  A shadow wraith (Abyss:1)
  A sea snake (shapeshifter) (Depths:2)
  A spatial maelstrom (Abyss:3)
  15 wretched stars
  22 sea snakes
  11 iron trolls
  9 salamander mystics
  An anaconda zombie (Abyss:3)
  50 deep trolls
  A storm dragon skeleton (Vaults:1)
  A tengu zombie (Depths:2)
  6 flayed ghosts
  8 glowing orange brains
  12 naga ritualists
  A golden dragon skeleton (Depths:1)
  2 orange crystal statues
  11 wizards
  12 deep elf archers
  9 ironbound convokers
  An anaconda skeleton (Abyss:3)
  26 harpies
  A lindwurm (Vaults:2)
  2 phantasmal warriors
  A harpy (shapeshifter) (Abyss:1)
  35 deep elf zephyrmancers
  An orb spider (Abyss:1)
  7 necromancers
  A wolf spider zombie (Abyss:3)
  11 mana vipers
  11 cyclopes
  2 stone giant zombies
  A wolf spider (D:12)
  31 deep elf pyromancers
  An iron dragon zombie (Abyss:1)
  13 orc knights
  A faun (shapeshifter) (Depths:4)
  8 fauns
  21 manticores
  8 worldbinders
  26 salamanders
  72 ugly things
  A spectral centaur (D:12)
  A fire giant zombie (Abyss:3)
  A spriggan zombie (Depths:2)
  5 elephants (Lair:5)
  17 guardian serpents
  5 orc sorcerers
  A black mamba (shapeshifter) (Abyss:3)
  Maurice (D:8)
  Joseph (D:8)
  11 apocalypse crabs
  An eye of devastation (Abyss:3)
  6 water nymphs
  22 naga magi
  A titan simulacrum (Depths:1)
  51 black mambas
  6 orange demons
  11 merfolk sirens
  21 vault sentinels
  A torpor snail (Lair:3)
  13 smoke demons
  A gargoyle (D:12)
  29 yaktaurs
  A komodo dragon (shapeshifter) (D:12)
  12 cane toads
  8 komodo dragons
  An unseen horror (Abyss:1)
  Psyche (D:8)
  2 elf skeletons (Depths:2)
  3 kobold demonologists
  A tengu conjurer (Depths:3)
  3 freezing wraiths
  A hellion (Abyss:3)
  3 ice devils
  22 rime drakes
  4 efreet
  3 meliai (shapeshifter)
  7 hellwings
  24 merfolk
  6 ancient zymes
  A hydra zombie (Abyss:3)
  6 red devils
  8 wind drakes
  16 polar bears
  5 hornets
  3 meliai (D:15)
  11 trolls
  A hornet (shapeshifter) (D:14)
  Grinder (D:4)
  A wind drake (shapeshifter) (Abyss:3)
  A wolf spider simulacrum (D:12)
  35 slime creatures
  8 snapping turtles
  21 blink frogs
  9 dream sheep
  A frost giant simulacrum (Abyss:3)
  A slime creature (shapeshifter) (Abyss:3)
  14 raiju
  A dream sheep (shapeshifter) (Depths:4)
  18 spriggans
  8 air elementals
  13 flying skulls (Abyss:1)
  6 centaur simulacra (D:12)
  12 redbacks
  2 redbacks (shapeshifter)
  3 shadows
  3 tarantellas
  10 ynoxinuls
  Sigmund (D:3)
  7 vampires
  48 starcursed masses
  4 wyverns
  6 basilisks
  6 wraiths
  14 water elementals
  3 fire elementals
  An ettin skeleton (Vaults:1)
  A human (shapeshifter) (D:15)
  51 yaks
  Eustachio (D:4)
  4 fire bats (Abyss:3)
  4 chaos spawn
  4 neqoxecs
  A steam dragon (Lair:3)
  23 large abominations
  A spatial vortex (Abyss:3)
  7 vampire mosquitoes
  11 wargs
  64 nagas
  Menkaure (D:4)
  A yaktaur simulacrum (Vaults:1)
  A two-headed ogre zombie (WizLab)
  4 acid dragons
  22 water moccasins
  A floating eye (shapeshifter) (Abyss:3)
  44 orc warriors
  2 human skeletons
  A floating eye (Depths:4)
  A spectral hornet (D:12)
  8 black bears
  A sky beast (D:5)
  15 ogres
  An ice beast (D:7)
  9 boggarts
  2 necrophages (D:5)
  26 wolves
  A phantom (D:6)
  10 centaurs
  3 kobold brigands
  8 bullfrogs
  A scorpion (D:5)
  2 earth elementals (Elf:2)
  8 troll zombies (WizLab)
  4 killer bees (D:7)
  A snapping turtle simulacrum (Abyss:3)
  6 wights (WizLab)
  8 electric eels
  6 centaur zombies
  9 jellies
  4 quasits
  2 bullfrog zombies
  3 hounds
  Crazy Yiuf (D:2)
  A bullfrog skeleton (D:6)
  3 centaur skeletons
  4 iguanas
  29 orc priests
  4 iron imps
  A gnoll shaman (D:8)
  A scorpion zombie (D:5)
  20 orc wizards
  9 hell rats (Lair:3)
  2 lightning spires (Gauntlet)
  Terence (D:2)
  3 ogre zombies (WizLab)
  20 small abominations
  A mummy (D:5)
  5 adders
  6 gnolls
  13 river rats (Lair:3)
  A shadow imp (Abyss:1)
  4 white imps
  3 ufetubi (Abyss:3)
  3 worms
  4 dart slugs
  78 orcs
  7 bats
  16 endoplasms
  2 giant cockroaches
  7 goblins
  10 hobgoblins
  9 jackals
  9 quokkas
  5 ball pythons
  5 frilled lizards
  2 hobgoblin zombies (D:5)
  18 kobolds
  2 orc zombies (D:5)
  16 rats
  A lurking horror (Abyss:1)
  3 starspawn tentacles
2339 creatures vanquished.

Vanquished Creatures (others)
  A white draconian (Depths:5)
  A naga warrior (Snake:1)
  A deep elf archer (Elf:2)
  A naga ritualist (Snake:4)
  A large abomination (Abyss:1)
  A water elemental (Elf:2)
  3 golden eyes (Abyss:1)
  A small abomination (Abyss:1)
  A bush (Depths:2)
  40 fungi
  A lurking horror (Abyss:3)
  52 plants
  29 starspawn tentacles
133 creatures vanquished.

Grand Total: 2472 creatures vanquished

Notes
Turn   | Place    | Note
-------+----------+-------------------------------------------
     0 | D:1      | wakim the Minotaur Fighter began the quest for the Orb.
     0 | D:1      | Reached XP level 1. HP: 19/19 MP: 0/0
   118 | D:1      | Found a faded altar of an unknown god.
   169 | D:1      | Reached XP level 2. HP: 22/27 MP: 1/1
   418 | D:1      | Reached XP level 3. HP: 33/33 MP: 2/2
   481 | D:1      | Reached skill level 4 in Armour
   925 | D:2      | Noticed Terence
   934 | D:2      | Killed Terence
   935 | D:2      | Reached XP level 4. HP: 40/40 MP: 3/3
  1515 | D:2      | Found a runed translucent door.
  1516 | D:2      | Noticed Crazy Yiuf
  1524 | D:2      | Killed Crazy Yiuf
  1525 | D:2      | Reached XP level 5. HP: 19/47 MP: 4/4
  1842 | D:3      | Found a stormy altar of Qazlal.
  2112 | D:3      | Found a snail-covered altar of Cheibriados.
  2265 | D:3      | Noticed Sigmund
  2284 | D:3      | Killed Sigmund
  2285 | D:3      | Reached skill level 5 in Maces & Flails
  2285 | D:3      | Reached skill level 1 in Throwing
  2285 | D:3      | Reached skill level 5 in Armour
  2285 | D:3      | Reached XP level 6. HP: 40/55 MP: 2/5
  2570 | D:3      | Found a glowing golden altar of the Shining One.
  2790 | D:4      | Noticed Grinder
  2807 | D:4      | Paralysed by Grinder for 3 turns
  2810 | D:4      | Killed Grinder
  2811 | D:4      | Reached skill level 5 in Fighting
  2811 | D:4      | Reached skill level 5 in Shields
  2811 | D:4      | Reached XP level 7. HP: 48/61 MP: 6/6
  2879 | D:4      | Found an opulent altar of Gozag.
  2947 | D:4      | Noticed Eustachio
  2965 | D:4      | Killed Eustachio
  2966 | D:4      | Reached skill level 6 in Armour
  3071 | D:4      | You fall into a shaft and drop 1 floor!
  3071 | D:5      | Entered Level 5 of the Dungeon
  3631 | D:5      | Reached XP level 8. HP: 70/70 MP: 7/7
  3687 | D:5      | Reached skill level 7 in Armour
  4318 | D:5      | Found a hazy altar of Hepliaklqana.
  4799 | D:4      | Found an iron altar of Okawaru.
  4859 | D:4      | Noticed Menkaure
  4874 | D:4      | Killed Menkaure
  5216 | D:4      | Found a staircase to the Ecumenical Temple.
  5223 | Temple   | Entered the Ecumenical Temple
  5380 | D:4      | Became a worshipper of Warmaster Okawaru
  5492 | D:5      | Reached skill level 8 in Armour
  5614 | D:6      | Reached skill level 1 in Invocations
  5677 | D:6      | Reached XP level 9. HP: 68/78 MP: 8/8
  6082 | D:6      | Reached * piety under Okawaru
  6367 | D:7      | Identified the +4 long sword of Accord {flame, rPois MP+9
                  | Stlth+}
  6489 | D:7      | Found a shimmering altar of Xom.
  6650 | D:7      | Reached skill level 1 in Long Blades
  6807 | D:7      | Found a white marble altar of Elyvilon.
  7271 | D:8      | Found Pipheir's Antique Armour Shop.
  7334 | D:8      | Noticed Joseph
  7349 | D:8      | Killed Joseph
  7350 | D:8      | Reached skill level 9 in Armour
  7350 | D:8      | Reached ** piety under Okawaru
  7687 | D:8      | Identified the +1 spear of Lust {protect, rElec}
  7933 | D:8      | Noticed Psyche
  7962 | D:8      | Noticed Maurice
  7971 | D:8      | Killed Maurice
  8118 | D:8      | Identified 2 scrolls of acquirement
  8118 | D:8      | Acquired the +10 morningstar "Eos" {elec, Halo rElec}
  8119 | D:8      | Found the +10 morningstar "Eos" {elec, Halo rElec}
  8331 | D:8      | Found a glowing silver altar of Zin.
  8405 | D:9      | Reached XP level 10. HP: 86/86 MP: 11/11
  8564 | D:9      | Reached *** piety under Okawaru
  8789 | D:9      | Noticed a two-headed ogre
  8793 | D:9      | Reached skill level 5 in Throwing
  8796 | D:9      | Killed a two-headed ogre
  8797 | D:9      | Reached skill level 10 in Armour
  8832 | D:9      | Found a staircase to the Lair.
  8953 | D:9      | Noticed a two-headed ogre
  8962 | D:9      | Killed a two-headed ogre
  9210 | D:10     | Entered Level 10 of the Dungeon
  9295 | D:10     | Reached **** piety under Okawaru
  9332 | D:10     | You fall into a shaft and drop 2 floors!
  9332 | D:12     | Noticed a cyclops
  9340 | D:12     | Noticed a two-headed ogre
  9342 | D:12     | Killed a cyclops
  9344 | D:12     | Noticed an orc knight
  9351 | D:12     | Noticed a manticore
  9352 | D:12     | Killed a two-headed ogre
  9353 | D:12     | Reached skill level 10 in Maces & Flails
  9353 | D:12     | Reached skill level 11 in Armour
  9353 | D:12     | Reached XP level 11. HP: 62/95 MP: 13/13
  9369 | D:12     | Killed an orc knight
  9687 | D:12     | Noticed a boulder beetle
  9706 | D:12     | Killed a boulder beetle
  9706 | D:12     | Reached ***** piety under Okawaru
 10021 | D:12     | Received a gift from Okawaru
 10022 | D:12     | Reached skill level 5 in Invocations
 10086 | D:12     | Received a gift from Okawaru
 10097 | D:12     | Noticed a two-headed ogre
 10108 | D:12     | Killed a two-headed ogre
 10155 | D:11     | Reached skill level 12 in Armour
 10336 | D:11     | Noticed a six-headed hydra
 10339 | D:11     | Killed a six-headed hydra
 10339 | D:11     | Received a gift from Okawaru
 10458 | D:10     | Received a gift from Okawaru
 10459 | D:10     | Reached XP level 12. HP: 104/105 MP: 15/15
 10517 | D:10     | Found Vomo Osupn's Elemental Accessories.
 10525 | D:10     | Acquired a manual of Armour
 10854 | D:10     | Noticed a centaur warrior
 10865 | D:10     | Killed a centaur warrior
 10894 | D:10     | Found a basalt altar of Yredelemnul.
 10895 | D:10     | Found a radiant altar of Vehumet.
 10896 | D:10     | Found a shadowy altar of Dithmenos.
 11740 | D:11     | Reached skill level 13 in Armour
 11821 | D:11     | Found a staircase to the Orcish Mines.
 12660 | D:11     | Reached skill level 10 in Shields
 12732 | D:12     | Reached skill level 10 in Fighting
 12959 | D:12     | Noticed an eight-headed hydra
 12965 | D:12     | Killed an eight-headed hydra
 12997 | D:12     | Noticed an eight-headed hydra
 13004 | D:12     | Killed an eight-headed hydra
 13005 | D:12     | Reached skill level 14 in Armour
 13276 | D:12     | Found the +14 obsidian axe {vorpal, Drain Fly SInv}
 13280 | D:12     | Identified the +9 halberd of Discretion {venom, rN+}
 13356 | D:12     | Found a runed translucent gate.
 13358 | D:12     | Found a runed translucent gate.
 13359 | D:12     | Found a runed translucent gate.
 13361 | D:12     | Noticed hark's ghost (journeyman MiFi)
 13421 | D:12     | Found a sparkling altar of Nemelex Xobeh.
 13691 | Lair:1   | Entered Level 1 of the Lair of Beasts
 13712 | Lair:1   | Identified the +5 dire flail of Debt {holy, +Rage rC+ Str+3
                  | Dex+3} (Okawaru gifted it to you on level 1 of the Lair of
                  | Beasts)
 13712 | Lair:1   | Received a gift from Okawaru
 13971 | Lair:1   | Found a stormy altar of Qazlal.
 13992 | Lair:1   | Reached skill level 15 in Armour
 13992 | Lair:1   | Reached XP level 13. HP: 94/114 MP: 13/17
 14894 | Lair:1   | Reached ****** piety under Okawaru
 15088 | Lair:2   | Noticed Sonja
 15113 | Lair:2   | Killed Sonja
 15271 | Lair:2   | Found a staircase to the Shoals.
 15283 | Lair:2   | Received a gift from Okawaru
 15644 | Lair:2   | Reached skill level 16 in Armour
 16158 | Lair:3   | Found a staircase to the Snake Pit.
 16307 | Lair:3   | Noticed Cimewiq's ghost (journeyman DECj)
 16316 | Lair:3   | Found a one-way gate to the infinite horrors of the Abyss.
 16326 | Lair:3   | Found a transporter.
 16359 | Lair:3   | Found a gate leading to a gauntlet.
 16368 | Gauntlet | Entered a Gauntlet
 16368 | Gauntlet | Found a large runed translucent door.
 16368 | Gauntlet | Found a large runed translucent door.
 16368 | Gauntlet | Found a large runed translucent door.
 16368 | Gauntlet | Found a large runed translucent door.
 16368 | Gauntlet | Found a large runed translucent door.
 16368 | Gauntlet | Found a large runed translucent door.
 16368 | Gauntlet | Found a large runed translucent door.
 16368 | Gauntlet | Found a large runed translucent door.
 16368 | Gauntlet | Found a runed translucent door.
 16368 | Gauntlet | Found a runed translucent gate.
 16368 | Gauntlet | Found a transporter.
 16368 | Gauntlet | Found a transporter.
 16368 | Gauntlet | Found a runed translucent gate.
 16368 | Gauntlet | Found a transporter.
 16368 | Gauntlet | Found a transporter.
 16674 | Gauntlet | Found a runed translucent door.
 16674 | Gauntlet | Found a runed translucent gate.
 16677 | Gauntlet | Found a transporter.
 16682 | Gauntlet | Found a large runed translucent door.
 16682 | Gauntlet | Found a large runed translucent door.
 16691 | Gauntlet | Found a transporter.
 16697 | Gauntlet | Found a transporter.
 16701 | Gauntlet | Found a transporter.
 16747 | Gauntlet | Found a large runed translucent door.
 16747 | Gauntlet | Found a large runed translucent door.
 16750 | Gauntlet | Found a large runed translucent door.
 16750 | Gauntlet | Found a large runed translucent door.
 16751 | Gauntlet | Found a large runed translucent door.
 16752 | Gauntlet | Found a large runed translucent door.
 16792 | Gauntlet | Found a transporter.
 16803 | Gauntlet | Found a transporter.
 16806 | Gauntlet | Found a transporter.
 16817 | Gauntlet | Found a transporter.
 17204 | Gauntlet | Identified the +5 spear of Huos Max {drain, rN+}
 17204 | Gauntlet | Noticed a minotaur
 17218 | Gauntlet | Killed a minotaur
 17356 | Lair:3   | Reached XP level 14. HP: 122/124 MP: 16/19
 17433 | Lair:3   | Noticed Gastronok
 17459 | Lair:3   | Noticed Snorg
 17473 | Lair:3   | Killed Gastronok
 17473 | Lair:3   | Identified the +3 scale mail of Springtime {rC- Will+ Int+2
                  | Stlth+} (Okawaru gifted it to you on level 3 of the Lair of
                  | Beasts)
 17473 | Lair:3   | Received a gift from Okawaru
 17474 | Lair:3   | Reached skill level 17 in Armour
 17477 | Lair:3   | Killed Snorg
 17531 | Lair:3   | Found a shimmering altar of Xom.
 17613 | Lair:3   | Found a transporter.
 18369 | D:8      | Killed Psyche
 18499 | Lair:3   | Killed Cimewiq's ghost
 18529 | Lair:3   | Got the Incunabulum of Weightlessness
 19162 | Lair:4   | Identified the +0 helmet of Sifesm {rC+ Str-4 Dex+2}
 19375 | Lair:5   | Found a broken altar of Ashenzari.
 19409 | Lair:5   | Received a gift from Okawaru
 19448 | Lair:5   | Reached skill level 15 in Maces & Flails
 20048 | Lair:6   | Entered Level 6 of the Lair of Beasts
 20111 | Lair:6   | Found a basalt altar of Yredelemnul.
 20843 | Lair:6   | Found a staircase to the Slime Pits.
 20844 | Lair:6   | Found a viscous altar of Jiyva.
 21279 | Lair:6   | Reached XP level 15. HP: 135/135 MP: 20/20
 21881 | Orc:1    | Entered Level 1 of the Orcish Mines
 21881 | Orc:1    | Found Hidomarro's Jewellery Shop.
 21959 | Orc:1    | Identified the +0 cloak "Luci Racw" {rElec rN+ Int+4}
                  | (Okawaru gifted it to you on level 1 of the Orcish Mines)
 21959 | Orc:1    | Received a gift from Okawaru
 22003 | Orc:2    | Entered Level 2 of the Orcish Mines
 22008 | Orc:2    | Noticed an orc warlord
 22031 | Orc:1    | Killed an orc warlord
 22039 | Orc:2    | Noticed an orc warlord
 22095 | Orc:2    | Killed an orc warlord
 22096 | Orc:2    | Reached skill level 18 in Armour
 22191 | Orc:2    | Found a staircase to the Elven Halls.
 22952 | Orc:2    | Found a runed translucent door.
 22963 | Orc:2    | Noticed sn0wgr3's ghost (journeyman GrFi)
 22982 | Orc:2    | Killed sn0wgr3's ghost
 23182 | Orc:2    | Found Sunwumyt's Book Shop.
 23182 | Orc:2    | Found Xuloj Birch's Antique Weapon Shop.
 23183 | Orc:2    | Found Memp's Assorted Antiques.
 23183 | Orc:2    | Found Saizyac's Antique Armour Boutique.
 23325 | D:12     | Killed hark's ghost
 23515 | D:13     | Received a gift from Okawaru
 24493 | D:14     | Identified the +2 cloak of True Grit {Int+4} (Okawaru
                  | gifted it to you on level 14 of the Dungeon)
 24493 | D:14     | Received a gift from Okawaru
 24739 | D:14     | Reached XP level 16. HP: 147/147 MP: 22/22
 24740 | D:14     | Found a hide-covered altar of Uskayaw.
 24760 | D:14     | Found a gate to the Vaults.
 24821 | D:15     | Entered Level 15 of the Dungeon
 24937 | D:15     | Reached skill level 10 in Invocations
 25262 | D:15     | Reached skill level 19 in Armour
 25391 | D:15     | Found Zioly's Distillery.
 25876 | D:15     | Found a staircase to the Depths.
 25932 | Depths:1 | Entered Level 1 of the Depths
 25932 | Depths:1 | Found a gateway to Hell.
 26145 | Depths:1 | Found Gufiw's General Store.
 26145 | Depths:1 | Found Xepneati's Weapon Boutique.
 26411 | D:8      | Bought a shimmering crystal plate armour for 2125 gold
                  | pieces
 26411 | D:8      | Identified the +11 crystal plate armour "Juoggyro" {rC+ rN+
                  | rCorr} (You bought it in a shop on level 8 of the Dungeon)
 26550 | Elf:1    | Entered Level 1 of the Elven Halls
 26557 | Elf:1    | Reached skill level 1 in Evocations
 26562 | Elf:1    | Reached skill level 15 in Fighting
 26562 | Elf:1    | Reached skill level 15 in Shields
 26612 | Elf:1    | Received a gift from Okawaru
 26691 | Elf:1    | Received a gift from Okawaru
 26717 | Elf:1    | Paralysed by an air elemental for 1 turns
 27270 | Elf:1    | Received a gift from Okawaru
 27305 | Elf:1    | Paralysed by an air elemental for 1 turns
 27388 | Elf:1    | Paralysed by an air elemental for 1 turns
 27419 | Elf:1    | Received a gift from Okawaru
 27586 | Elf:2    | Paralysed by an air elemental for 1 turns
 27592 | Elf:2    | Received a gift from Okawaru
 27643 | Elf:2    | Reached XP level 17. HP: 157/157 MP: 24/24
 27650 | Elf:2    | Reached skill level 10 in Throwing
 27653 | Elf:2    | Paralysed by an air elemental for 1 turns
 27657 | Elf:2    | Found an ancient bone altar of Kikubaaqudgha.
 27725 | Elf:2    | Found a runed translucent gate.
 27725 | Elf:2    | Found a runed translucent gate.
 27725 | Elf:2    | Found a runed translucent gate.
 27844 | Elf:2    | Noticed Donald
 27854 | Elf:2    | Killed Donald
 27863 | Elf:2    | Identified the +6 long sword "Oshiafu" {pain, Fly Will+
                  | Dex-5 Stlth+} (Okawaru gifted it to you on level 2 of the
                  | Elven Halls)
 27863 | Elf:2    | Received a gift from Okawaru
 27958 | Elf:2    | Identified the +11 battleaxe of Extinguishment {spect,
                  | +Rage rElec rPois}
 28194 | Elf:2    | Reached skill level 20 in Armour
 28287 | Elf:2    | Noticed Agnes
 28301 | Elf:2    | Killed Agnes
 28301 | Elf:2    | Identified the +9 shortbow "Cus Hogu" {freeze, Dex+4}
                  | (Okawaru gifted it to you on level 2 of the Elven Halls)
 28301 | Elf:2    | Received a gift from Okawaru
 28733 | Elf:3    | Entered Level 3 of the Elven Halls
 28796 | Elf:3    | Paralysed by an air elemental for 1 turns
 28910 | Elf:3    | Received a gift from Okawaru
 28945 | Elf:3    | Found Aresared's Armour Shop.
 29167 | Elf:3    | Received a gift from Okawaru
 29254 | Elf:3    | Paralysed by an air elemental for 1 turns
 29390 | Elf:3    | Noticed a deep elf blademaster
 29393 | Elf:3    | Identified the +6 morningstar of Uskayaw's Generosity
                  | {vamp, rN+}
 29393 | Elf:3    | Identified the ring "Anoyr" {*Slow rC+++ MP+9 Dex+6}
 29395 | Elf:3    | Noticed a deep elf blademaster
 29432 | Elf:3    | Killed a deep elf blademaster
 29436 | Elf:3    | Killed a ghostly deep elf blademaster
 29439 | Elf:3    | Killed a deep elf blademaster
 29461 | Elf:3    | Reached XP level 18. HP: 83/168 MP: 24/26
 29566 | Elf:3    | Identified the +5 ring mail "Put-Me-On" {rElec rPois Str+5
                  | Stlth-}
 29567 | Elf:3    | Received a gift from Okawaru
 29568 | Elf:3    | Reached skill level 5 in Evocations
 29747 | Elf:3    | Identified the amulet of Lalload {rN+ Regen+ Slay+3}
 29748 | Elf:3    | Noticed an Ice Fiend
 30005 | Elf:3    | Identified the +5 quarterstaff "Soefueta" {distort, Contam
                  | Int+7 Dex-3 SInv}
 30005 | Elf:3    | Identified the ring of Zibuera {Ice Contam Str+3 Int+8
                  | SInv}
 30073 | Elf:3    | Identified the +7 morningstar "Xesen" {flame, Fly rF- rC++
                  | Stlth+}
 30123 | Elf:3    | Got the Incunabulum of Dust
 30730 | Orc:2    | Bought a pair of runed gloves for 240 gold pieces
 30730 | Orc:2    | Bought a pair of glowing gloves for 240 gold pieces
 31503 | Depths:1 | Noticed a caustic shrike
 31510 | Depths:1 | Killed a caustic shrike
 31510 | Depths:1 | Received a gift from Okawaru
 31514 | Depths:1 | Received a gift from Okawaru
 31521 | Depths:1 | Reached skill level 21 in Armour
 32062 | Depths:2 | You fall into a shaft and drop 2 floors!
 32127 | Depths:4 | Noticed Xtahua
 32137 | Depths:4 | Killed Xtahua
 32283 | Depths:4 | Received a gift from Okawaru
 32309 | Depths:4 | Found a one-way gate leading to the halls of Pandemonium.
 32436 | Depths:4 | Noticed a juggernaut
 32488 | Depths:4 | Identified the ring of Recklessness {rF+ Dex+3 Slay+4}
 32521 | Depths:4 | Noticed a golden dragon
 32524 | Depths:4 | Killed a juggernaut
 32525 | Depths:4 | Reached XP level 19. HP: 136/179 MP: 20/28
 32534 | Depths:4 | Killed a golden dragon
 32534 | Depths:4 | Received a gift from Okawaru
 32661 | Depths:4 | Reached skill level 1 in Dodging
 32713 | Depths:4 | Noticed a golden dragon
 32728 | Depths:4 | Killed a golden dragon
 32766 | Depths:4 | Received a gift from Okawaru
 32813 | Depths:4 | Noticed a juggernaut
 32823 | Depths:4 | Killed a juggernaut
 33285 | Depths:4 | Received a gift from Okawaru
 33752 | Depths:4 | Found a corrupted altar of Lugonu.
 33815 | Depths:3 | Found a runed translucent gate.
 33816 | Depths:3 | Noticed Dex Urea's ghost (journeyman DsBe)
 33825 | Depths:3 | Found a runed translucent gate.
 33825 | Depths:3 | Found a runed translucent gate.
 33825 | Depths:3 | Noticed a Tzitzimitl
 34002 | Depths:3 | Received a gift from Okawaru
 34003 | Depths:3 | Reached skill level 5 in Dodging
 34049 | Depths:3 | Noticed Louise
 34060 | Depths:3 | Killed Louise
 34101 | Depths:3 | Noticed Margery
 34138 | Depths:3 | Killed Margery
 35046 | Depths:2 | Reached XP level 20. HP: 189/189 MP: 30/30
 35113 | Depths:2 | Reached skill level 15 in Invocations
 35143 | Depths:2 | Found a white marble altar of Elyvilon.
 35176 | Depths:2 | Found Xiziciv's Antique Weapon Shoppe.
 35178 | Depths:2 | Found Tounim's Antique Weapon Emporium.
 35180 | Depths:2 | Found Pygiter's Magic Scroll Shoppe.
 35205 | Depths:2 | Bought a scroll of teleportation for 57 gold pieces
 35205 | Depths:2 | Bought a scroll of fear for 66 gold pieces
 35205 | Depths:2 | Bought a scroll of magic mapping for 66 gold pieces
 35328 | Depths:2 | Identified the +3 buckler of Attic {rElec Dex+3} (Okawaru
                  | gifted it to you on level 2 of the Depths)
 35328 | Depths:2 | Received a gift from Okawaru
 35334 | Depths:2 | Reached skill level 1 in Polearms
 36658 | Depths:3 | Reached skill level 22 in Armour
 37140 | Depths:2 | Identified the amulet of Lust {Spirit rN+ Will+ Dex-5}
 37340 | Depths:2 | Got the Almanac of the Mutagenic Glacier
 37451 | Depths:2 | Identified the +2 leather armour of a bailey {-Tele Rampage
                  | rPois Int+3 Dex+4}
 37885 | Depths:5 | Entered Level 5 of the Depths
 38075 | Depths:5 | Noticed a golden dragon
 38088 | Depths:5 | Killed a golden dragon
 38088 | Depths:5 | Received a gift from Okawaru
 38089 | Depths:5 | Reached skill level 5 in Polearms
 38092 | Depths:5 | Noticed a golden dragon
 38121 | Depths:5 | Killed a golden dragon
 38137 | Depths:5 | Received a gift from Okawaru
 38456 | Depths:5 | Found a radiant altar of Vehumet.
 38471 | Depths:5 | Noticed a golden dragon
 38482 | Depths:5 | Killed a golden dragon
 38541 | Depths:5 | Reached XP level 21. HP: 198/198 MP: 31/31
 38544 | Depths:5 | Received a gift from Okawaru
 38569 | Depths:5 | Received a gift from Okawaru
 38574 | Depths:5 | Found a gate to the Realm of Zot.
 38951 | Depths:5 | Found a gateway to a ziggurat.
 39762 | Depths:5 | Identified the -3 hat "Asmou" {rPois rC++ Dex-5} (Okawaru
                  | gifted it to you on level 5 of the Depths)
 39762 | Depths:5 | Received a gift from Okawaru
 40153 | Shoals:1 | Entered Level 1 of the Shoals
 40158 | Shoals:1 | Noticed Josephine
 40173 | Shoals:1 | Killed Josephine
 40924 | Snake:1  | Entered Level 1 of the Snake Pit
 41166 | Snake:1  | Identified the +5 scale mail of Dexovexi {Harm rElec rF+
                  | Str+4}
 41802 | Snake:2  | Found a frozen archway.
 41806 | IceCv    | Entered an ice cave
 42080 | IceCv    | Received a gift from Okawaru
 42337 | IceCv    | Noticed a shard shrike
 42352 | IceCv    | Killed a shard shrike
 42385 | IceCv    | Identified the +0 cloak of Mental Paralysis {rElec rN+}
 42393 | IceCv    | Identified the amulet of Reimbursement {rC+ Regen+ Str+4
                  | Stlth+}
 42969 | Snake:2  | Received a gift from Okawaru
 43085 | Snake:2  | Identified the +3 morningstar "Geig" {flame, Will+}
 43443 | Snake:3  | Reached XP level 22. HP: 204/206 MP: 33/33
 43751 | Snake:3  | Received a gift from Okawaru
 43792 | Snake:3  | Reached skill level 10 in Polearms
 44037 | Snake:4  | Entered Level 4 of the Snake Pit
 44037 | Snake:4  | Found Hiyzue's Overcharged Wands.
 44155 | Snake:4  | Received a gift from Okawaru
 44288 | Snake:4  | Received a gift from Okawaru
 44445 | Snake:4  | Reached skill level 10 in Dodging
 45402 | Snake:4  | Got a serpentine rune of Zot
 45710 | Shoals:2 | Found a runed translucent door.
 46163 | Shoals:2 | Reached skill level 10 in Evocations
 46227 | Shoals:3 | Found Unozish's Antique Armour Boutique.
 46962 | Shoals:3 | Received a gift from Okawaru
 47869 | Vaults:1 | Entered Level 1 of the Vaults
 48076 | Shoals:4 | Entered Level 4 of the Shoals
 48236 | Shoals:4 | Reached XP level 23. HP: 131/215 MP: 34/34
 48245 | Shoals:4 | Got a barnacled rune of Zot
 49400 | Vaults:1 | You fall into a shaft and drop 1 floor!
 49700 | Vaults:2 | Received a gift from Okawaru
 49772 | Vaults:2 | Identified the +2 tower shield of Too Many Cooks {rF- rN+
                  | Int+7} (Okawaru gifted it to you on level 2 of the Vaults)
 49772 | Vaults:2 | Received a gift from Okawaru
 49917 | Vaults:2 | Found a staircase to the Crypt.
 50468 | Vaults:2 | Noticed Saint Roka
 50492 | Vaults:2 | Killed Saint Roka
 50691 | Vaults:2 | You fall into a shaft and drop 1 floor!
 50711 | Vaults:3 | Found Ishepnel's Antique Weapon Shoppe.
 50763 | Vaults:3 | Noticed Mara
 50784 | Vaults:3 | Killed Mara
 50843 | Vaults:3 | Found a magical portal.
 50851 | WizLab   | Entered Zonguldrok's Shrine
 51082 | WizLab   | Noticed an antique lich
 51089 | WizLab   | Killed an antique lich
 51091 | WizLab   | Found the +9 sword of Zonguldrok {reap}
 51950 | Vaults:3 | Identified the +5 long sword "Grum" {holy, Will+ Int-5
                  | Stlth+}
 51977 | Vaults:3 | Received a gift from Okawaru
 52280 | Vaults:3 | Reached XP level 24. HP: 217/225 MP: 34/34
 54991 | Vaults:4 | Received a gift from Okawaru
 55441 | Vaults:4 | Received a gift from Okawaru
 55653 | Vaults:4 | Reached skill level 15 in Throwing
 55847 | Vaults:4 | Identified the +3 buckler of the Salmon {rElec Will- Int+2}
 56352 | Depths:3 | Gained mutation: You do not regenerate when monsters are
                  | visible. [a cacodemon]
 56363 | Depths:3 | Killed Dex Urea's ghost
 56376 | Depths:3 | Received a gift from Okawaru
 56548 | Depths:1 | Bought a scroll of acquirement for 1092 gold pieces
 56548 | Depths:1 | Bought a potion of heal wounds for 105 gold pieces
 56548 | Depths:1 | Bought a potion of heal wounds for 105 gold pieces
 56548 | Depths:1 | Bought a scroll of fear for 73 gold pieces
 56548 | Depths:1 | Acquired a manual of Maces & Flails
 56685 | Depths:4 | Voluntarily entered the Abyss.
 56755 | Abyss:1  | Found a stormy altar of Qazlal.
 56812 | Abyss:1  | Found a stormy altar of Qazlal.
 57854 | Abyss:1  | Received a gift from Okawaru
 57950 | Depths:4 | Escaped the Abyss
 58178 | Depths:4 | Lost mutation: You do not regenerate when monsters are
                  | visible. [potion of mutation]
 58178 | Depths:4 | Gained mutation: You expend magic power (3 MP) to
                  | strengthen your wands. [potion of mutation]
 58178 | Depths:4 | Gained mutation: You sometimes lose the ability to read
                  | scrolls when taking damage. [potion of mutation]
 58178 | Depths:4 | Gained mutation: You have a pair of large horns on your
                  | head. [potion of mutation]
 58294 | Depths:2 | Lost mutation: You have a pair of large horns on your head.
                  | [potion of mutation]
 58294 | Depths:2 | Lost mutation: You sometimes lose the ability to read
                  | scrolls when taking damage. [potion of mutation]
 58294 | Depths:2 | Gained mutation: You are somewhat resistant to further
                  | mutation. [potion of mutation]
 58396 | Depths:4 | Voluntarily entered the Abyss.
 58435 | Abyss:1  | Reached XP level 25. HP: 234/234 MP: 27/27
 59192 | Abyss:1  | Paralysed by accursed screaming for 1 turns
 59361 | Abyss:2  | Found a blossoming altar of Fedhas.
 59416 | Abyss:3  | Found a corrupted altar of Lugonu.
 59713 | Abyss:3  | Found a corrupted altar of Lugonu.
 59824 | Abyss:3  | Received a gift from Okawaru
 60072 | Abyss:3  | Found a corrupted altar of Lugonu.
 60134 | Abyss:3  | Received a gift from Okawaru
 60135 | Abyss:3  | Reached skill level 15 in Polearms
 60249 | Abyss:3  | Found a transporter.
 60254 | Abyss:3  | Found a transporter.
 60255 | Abyss:3  | Found a corrupted altar of Lugonu.
 60297 | Abyss:3  | Paralysed by accursed screaming for 1 turns
 60646 | Abyss:3  | Killed from afar by a daeva

Illustrated notes

Levels and vault maps discovered:
D:1:      giann_wishing_wells, layout_loops_ring, ebering_ecumenical_altar_webs
D:2:      layout_basic, uniq_crazy_yiuf_cottage, uniq_terence
D:3:      layout_rooms, nicolae_overflow_crystal_walls, lemuel_tele_altar,
          nicolae_tso_swordbearing_angel, uniq_sigmund
D:4:      layout_loops_ring, nicolae_gozag_seed_capital,
          okawaru_metal_pillars_1_2, temple_green, corexii_leaking_fountain,
          uniq_eustachio, uniq_menkaure, uniq_grinder
D:5:      layout_basic, worldfamousw_hep_ancestral_shrine, minmay_mini_ossuary
D:6:      layout_basic
D:7:      layout_loops_ring, lemuel_doored_altar, dk_xom_monty_hall,
          minmay_liquid_box
D:8:      layout_basic, nicolae_overflow_hidden_temple, serial_shops, shop,
          uniq_psyche, uniq_maurice, uniq_joseph
D:9:      layout_rooms, lair_entry_dummy
D:10:     kennysheep_big_flooded_room, layout_loops_corners, minitemple,
          nicolae_elemental_shop
D:11:     layout_basic, david_orc_1_choice, nrook_campfire, disabler_island
D:12:     minmay_the_grid_4x2 [minmay_the_grid_tri_star,
          minmay_the_grid_embedded, minmay_the_grid_paths,
          minmay_the_grid_holed_spiral, minmay_the_grid_tiny_cups,
          minmay_the_grid_empty, minmay_the_grid_mess,
          minmay_the_grid_prize_trominoes], layout_rooms,
          gammafunk_ghost_necromancy, nemelex_altar_shiori
D:13:     layout_gridville
D:14:     layout_basic, david_vaults_1, nicolae_uskayaw_en_pointe, st_stairs_11,
          chequers_jeans, minmay_misc_feat_diagonals
D:15:     grunt_enter_depths_snipers, layout_loops_ring, serial_shops, shop
Temple:   compressed_dpeg_circular_temple
Lair:1:   lemuel_slime, layout_hall_layers, basic_altar, grunt_megastairs_3,
          serial_bayou_shore_a
Lair:2:   layout_chaotic_city, minmay_shoals_entry_beasts, uniq_sonja
Lair:3:   lemuel_ratsnest, layout_cave_shapes, minmay_snake_entry_six_corridors,
          basic_altar, gauntlet_entry_generic, gammafunk_ghost_abyssal_escape,
          forest_entry_grove, uniq_snorg, uniq_gastronok
Lair:4:   layout_loops_ring, chequers_serial_rivers_micro_c,
          nicolae_lair_grove_arrangements
Lair:5:   layout_loops_ring, basic_altar
Lair:6:   minmay_lair_end_enchanted_forest, layout_hall_layers, slime_altar_1,
          basic_altar, serial_bayou_shore_b, grunt_megastairs_5,
          lemuel_fruit_fields, serial_bayou_shore_b
Shoals:1: layout_shoals, uniq_josephine
Shoals:2: layout_shoals, lightli_airlock
Shoals:3: cheibrodos_shoals_three_sisters, layout_shoals, nicolae_stop_n_shop_1
Shoals:4: shoals_end_simple, layout_shoals
Snake:1:  layout_misc_corridors, special_room, drop_trap, serial_bayou_pond_a
Snake:2:  layout_rooms, portal_ice_cave_entry_pillars_four,
          nicolae_snake_storage_room, grunt_megastairs_1
Snake:3:  layout_misc_corridors, nicolae_snake_mages_go_home,
          serial_bayou_shore_b
Snake:4:  grunt_snake_rune_serpentine_throne, layout_gridlike,
          nicolae_shop_overcharged_wands
Orc:1:    layout_diamond_mine, serial_shops, nicolae_shop_statue_plus,
          nicolae_orc_lava_tube
Orc:2:    st_orc_pillars, layout_diamond_mine, ebering_ghost_reflecting_pool
Elf:1:    layout_loops_cross, hangedman_elven_crosses_minicolossus, minivault_25
Elf:2:    layout_geoelf_diagonals, basic_altar, uniq_agnes, uniq_donald
Elf:3:    elf_hall, layout_geoelf_octagon, serial_shops,
          nicolae_shop_competitors_out_of_business, nicolae_elf_v_pinch,
          st_stairs_3, grunt_megastairs_2
Vaults:1: vaults_room_ringed_pool, ontoclasm_vaults_fault, grunt_vaults_swirl,
          v_misc_11, hangedman_vaults_impose, v_misc_2, v_misc_12,
          hangedman_vaults_maws, ontoclasm_vaults_chip, vaults_room_pools,
          layout_vaults_quadrants
Vaults:2: v_rooms_1, v_misc_15, ontoclasm_vaults_gateway,
          minmay_crypt_entry_simple_sparse, vaults_room_fancy_cross,
          vaults_room_door_ring, vaults_dpeg_ring, hangedman_vaults_nodes,
          nicolae_vaults_little_squares_3, dpeg_vaults_monster_box,
          vaults_mumra_chevron, layout_vaults_omnicross, uniq_saint_roka
Vaults:3: hangedman_vaults_capsules, vaults_standard_mumra_enter_the_diamond,
          nicolae_vaults_big_ls, ontoclasm_vaults_gallery,
          vaults_room_door_ring, nicolae_vaults_alarming,
          layout_vaults_big_room, infiniplex_enter_wizlab_glasses, serial_shops,
          nicolae_shop_behind_doors, uniq_mara
Vaults:4: v_misc_25, vaults_room_door_hall, v_misc_26, vaults_room_grid,
          v_misc_13, hangedman_vaults_maws, ontoclasm_vaults_eye,
          grunt_vaults_twisty, v_misc_4, vaults_mumra_chevron_long,
          ontoclasm_vaults_ring_small, layout_vaults_ring
Depths:1: minmay_open_boxes_in_corner, layout_gridlike, hell_entry,
          minmay_misc_feat_room, small_chamber_with_monster,
          due_unseen_surprise, minmay_shoptagon, serial_bayou_shore_b
Depths:2: four-leaf_vault, layout_basic, nicolae_elyvilon_peaceful_grove,
          hell_entry, minmay_protected_statue,
          minmay_staircase_statues_hall_small, minmay_shop_star
Depths:3: gammafunk_mikee_crab_dinner, layout_honeycomb,
          biasface_ghost_demon_polymorph,
          nicolae_abyss_entry_one_way_or_another, pf_dread_powers_of_hell,
          pan_entry, minmay_staircase_windowed_small, uniq_margery
Depths:4: minmay_three_patterns, layout_basic, rand_demon_pan_entry_3,
          hell_entry, abyss_entry_flame_altar, kennysheep_path_1, uniq_xtahua
Depths:5: grunt_zot_entry_alcove, layout_gridlike, enter_ziggurat_f,
          chequers_decorated_corner, hangedman_coc_ice_floe,
          minmay_misc_feat_tiny, hex_medium, vehumet_altar_wand_db
Abyss:3:  base: Vaults:3, base: D:4, nicolae_abyss_rune_star_stuff,
          nicolae_abyss_rune_star_stuff, evilmike_abyss_exit_mutagenic,
          gammafunk_corrupted_shrine, bh_abyss_exit_grid,
          nicolae_abyss_rune_left_handed

Skill      XL: |  1  2  3  4  5  6  7  8  9 10 11 12 13 14 15 16 17 18 19 20 21 22 23 24 25 |
---------------+----------------------------------------------------------------------------+-----
Maces & Flails | 3 4 5 6 8 10 11 13 14 15 16 17 18 | 18.0
Shields        | 4 5 6 7 8 9 10 11 12 14 15 16 17 18 19 20 | 20.0
Fighting       | 4 5 6 7 8 9 10 11 13 14 15 16 18 19 20 21 | 21.3
Armour         | 4 5 6 8 9 11 12 15 16 17 18 19 20 21 22 | 22.0
Throwing       | 1 2 3 4 5 6 7 9 10 11 12 13 14 15 16 | 16.0
Invocations    | 1 2 4 5 7 8 9 11 12 13 14 15 16 17 18 19 | 19.2
Long Blades    | 4 |  4.3
Evocations     | 2 4 6 7 8 9 10 11 12 | 12.0
Dodging        | 6 8 9 10 11 12 13 | 13.4
Polearms       | 6 9 11 13 14 15 | 15.4

Action                   |  1- 3 |  4- 6 |  7- 9 | 10-12 | 13-15 | 16-18 | 19-21 | 22-24 | 25-27 || total
-------------------------+-------+-------+-------+-------+-------+-------+-------+-------+-------++-------
Melee: Flail             |   101 |   141 |   208 |       |       |       |       |       |       ||   450
       Headbutt          |    18 |    13 |    58 |    70 |   164 |   171 |   436 |   585 |   188 ||  1703
       Long sword        |       |       |    54 |       |       |       |       |       |       ||    54
       Morningstar       |       |       |     2 |   322 |   982 |   745 |   983 |  1518 |   555 ||  5107
       Lance             |       |       |       |       |       |       |   385 |   393 |     7 ||   785
 Fire: Hunting sling     |       |       |       |     3 |       |       |       |       |       ||     3
Throw: Boomerang         |       |       |     2 |     3 |    41 |    44 |     4 |   148 |       ||   242
       Javelin           |       |       |       |       |       |    29 |       |     2 |     9 ||    40
       Dart              |       |       |       |       |       |     1 |       |       |       ||     1
Invok: Heroism           |       |       |     2 |    14 |    18 |    17 |    12 |    10 |     3 ||    76
       Finesse           |       |       |       |     1 |    10 |     9 |     9 |     7 |     3 ||    39
Evoke: Wand              |       |       |       |       |       |     2 |     1 |     2 |       ||     5
  Use: Scroll            |       |       |    11 |    10 |     9 |     1 |     3 |     7 |       ||    41
       Potion            |       |       |       |       |     1 |       |     5 |     3 |     5 ||    14
 Stab: Distracted        |       |       |       |       |       |       |     1 |     1 |       ||     2
Armor: Scale mail        |    25 |       |       |       |       |       |       |       |       ||    25
       Chain mail        |    38 |    69 |       |       |       |       |       |       |       ||   107
       Plate armour      |       |    21 |   208 |   167 |   346 |    38 |       |       |       ||   780
       Crystal plate arm |       |       |       |       |       |   269 |   744 |   777 |   197 ||  1987
Dodge: Dodged            |    29 |    39 |    50 |    74 |   230 |   111 |   310 |   410 |   133 ||  1386
Block: Kite shield       |    74 |    87 |   151 |   172 |   568 |   301 |   234 |       |       ||  1587
       Tower shield      |       |       |       |       |       |       |  1028 |  2071 |   621 ||  3720

Table legend: (Time is in decaauts)
 A = Elapsed time spent in this place.
 B = Non-inter-level travel time spent in this place.
 C = Inter-level travel time spent in this place.
 D = Time resting spent in this place.
 E = Time spent auto-exploring this place.
 F = Levels seen in this place.
 G = Mean time per level.
                   A        B        C        D        E       F      G
               +--------+--------+--------+--------+--------+-----+--------+
         Total |  59554 |  52136 |   7418 |   2753 |  36900 |  51 | 1167.7 |
       Dungeon |  18789 |  15747 |   3042 |   1438 |  11358 |  15 | 1252.6 |
        Temple |    127 |     99 |     28 |      0 |     98 |   1 |  127.0 |
          Lair |   6990 |   6062 |    928 |      0 |   4795 |   6 | 1165.0 |
        Shoals |   3480 |   3203 |    277 |     84 |   2276 |   4 |  870.0 |
     Snake Pit |   3540 |   3339 |    201 |     73 |   2180 |   4 |  885.0 |
  Orcish Mines |   1573 |   1222 |    351 |    159 |    622 |   2 |  786.5 |
   Elven Halls |   3816 |   3331 |    485 |     84 |   2202 |   3 | 1272.0 |
        Vaults |   6383 |   5665 |    718 |      0 |   4239 |   4 | 1595.8 |
        Depths |   9625 |   8240 |   1385 |    411 |   6288 |   5 | 1925.0 |
         Abyss |   3280 |   3280 |      0 |    199 |   1918 |   4 |  820.0 |
      Ice Cave |    772 |    772 |      0 |      0 |    502 |   1 |  772.0 |
        Wizlab |    312 |    312 |      0 |      0 |     92 |   1 |  312.0 |
      Gauntlet |    863 |    863 |      0 |    305 |    328 |   1 |  863.0 |
               +--------+--------+--------+--------+--------+-----+--------+

Top non-repeatable levels by time:
    D:12: 2321 daAuts
Depths:3: 2204 daAuts
 Abyss:1: 2118 daAuts
Depths:4: 2035 daAuts
Vaults:1: 1970 daAuts
Depths:2: 1941 daAuts
Depths:5: 1858 daAuts
Vaults:3: 1660 daAuts
    D:15: 1645 daAuts
    D:11: 1630 daAuts
     D:5: 1612 daAuts
Depths:1: 1585 daAuts
  Lair:1: 1550 daAuts
  Lair:3: 1493 daAuts
Vaults:2: 1473 daAuts
